 Dungeon Crawl Stone Soup version 0.29-a0-234-g0dae59b3db (webtiles) character file.

Game seed: 10403373946635231744

132808 ReploidZero the Brawler (level 16, -12/135 (170) HPs)
             Began as a Troll Gladiator on Mar 2, 2022.
             Was the Champion of Ru.
             Succumbed to a redback's poison
             ... on level 1 of the Spider Nest on Mar 3, 2022.
             The game lasted 01:26:37 (23933 turns).

ReploidZero the Brawler (Troll Gladiator)          Turns: 23933, Time: 01:26:38

HP:   -12/135 (170) AC: 17    Str: 34    XL:     16   Next: 58%
MP:   15/15         EV:  9    Int: 10    God:    Ru [******]
Gold: 2616          SH:  0    Dex: 13    Spells: 13/15 levels left

rFire   + . .      SeeInvis .     - Unarmed
rCold   + . .      Faith    .   (no shield)
rNeg    . . .      Spirit   .   D - +0 troll leather armour
rPois   +          Reflect  .   b - +2 hat
rElec   .          Harm     .   h - +2 cloak
rCorr   .          Rampage  .   (gloves unavailable)
Will    +....                   (boots unavailable)
Stlth   ..........              l - amulet of regeneration
HPRegen 2.72/turn               E - ring of Zoat {rPois rC+ Str+4 Int+6 Stlth+}
MPRegen 0.14/turn               f - ring of protection from fire

@: lethally poisoned (-12 -> -89), exhausted, unable to drink, studying
Spellcasting, heavily drained
A: large, unfitting armour, claws 3, regeneration 1, shaggy fur 1, tough skin 1,
inability to drink while threatened, no stealth, inability to use devices,
inability to train dodging, no fire magic, no summoning magic, no transmutations
magic, iridescent scales 2
a: Renounce Religion, Draw Out Power, Power Leap, Apocalypse


You were on level 1 of the Spider Nest.
You worshipped Ru.
Ru was exalted by your worship.
You visited 6 branches of the dungeon, and saw 27 of its levels.
You also visited: Ice Cave.

You collected 2923 gold pieces.
You spent 307 gold pieces at shops.

Inventory:

Missiles
 c - 2 throwing nets
 d - 3 silver javelins
 e - 3 curare-tipped darts
 n - 21 boomerangs
 r - 41 poisoned darts
 B - 10 large rocks (quivered)
Armour
 b - a +2 hat (worn)
 h - a +2 cloak (worn)
 D - a +0 troll leather armour (worn)
Jewellery
 f - a ring of protection from fire (right claw)
 j - a +6 ring of dexterity
 l - an amulet of regeneration (around neck)
 m - a ring of flight
 y - a ring of ice
 E - the ring of Zoat (left claw) {rPois rC+ Str+4 Int+6 Stlth+}
   (You found it on level 12 of the Dungeon)

   [ring of intelligence]

   Str:       It affects your strength (+4).
   Int:       It affects your intelligence (+6).
   rC:        It protects you from cold.
   rPois:     It protects you from poison.
   Stlth:     It makes you more stealthy.
 G - an amulet of reflection
 J - an amulet of magic regeneration
 M - the ring of Satisfaction {MP+9 Int+3 Stlth+}
   (You found it on level 2 of the Lair of Beasts)

   [ring of magical power]

   Int:       It affects your intelligence (+3).
   MP:        It affects your magic capacity (+9).
   Stlth:     It makes you more stealthy.
Scrolls
 a - a scroll of enchant armour
 u - 7 scrolls of teleportation
 w - a scroll of brand weapon
 x - 2 scrolls of silence
 z - 3 scrolls of magic mapping
 A - 4 scrolls of fog
 K - 4 scrolls of enchant weapon
 L - 2 scrolls of fear
 O - a scroll of immolation
Potions
 g - 4 potions of mutation
 i - 2 potions of invisibility
 k - 2 potions of magic
 o - 6 potions of heal wounds
 p - 3 potions of curing
 q - 6 potions of ambrosia
 s - 4 potions of attraction
 t - 3 potions of haste
 v - 4 potions of brilliance
 C - a potion of resistance
 H - 3 potions of lignification


   Skills:
 + Level 13.2 Fighting
 + Level 14.3 Throwing
 + Level 11.4 Armour
 + Level 15.7 Unarmed Combat


You had 13 spell levels left.
You knew the following spells:

 Your Spells              Type           Power      Damage    Failure   Level
a - Blink                 Tloc           0%         N/A       52%         2

Your spell library contained the following spells:

 Spells                   Type           Power      Damage    Failure   Level
 Slow                     Hex            0%         N/A       38%         1
 Ensorcelled Hibernation  Hex/Ice        0%         N/A       52%         2
 Poisonous Vapours        Pois/Air       0%         N/A       52%         2
 Static Discharge         Conj/Air       0%         N/A       52%         2
 Confusing Touch          Hex            0%         N/A       77%         3
 Lesser Beckoning         Tloc           0%         N/A       77%         3
 Portal Projectile        Hex/Tloc       0%         N/A       77%         3
 Stone Arrow              Conj/Erth      0%         3d7       77%         3
 Swiftness                Air            0%         N/A       77%         3
 Vampiric Draining        Necr           0%         2d6       77%         3
 Cause Fear               Hex            0%         N/A       99%         4
 Olgreb's Toxic Radiance  Pois           0%         N/A       99%         4
 Borgnjor's Vile Clutch   Necr/Erth      0%         N/A       100%        5
 Excruciating Wounds      Necr           0%         N/A       100%        5
 Freezing Cloud           Conj/Ice/Air   0%         6-21      100%        5
 Iskenderun's Battlesphe  Conj           0%         2d6       100%        5
 Lightning Bolt           Conj/Air       0%         1d11      100%        5
 Manifold Assault         Tloc           0%         N/A       100%        5
 Metabolic Englaciation   Hex/Ice        0%         N/A       100%        5
 Conjure Ball Lightning   Conj/Air       0%         3x3d6     100%        6
 Simulacrum               Ice/Necr       0%         N/A       100%        6
 Enfeeble                 Hex            0%         N/A       100%        7
 Orb of Destruction       Conj           0%         9d5       100%        7
 Lehudib's Crystal Spear  Conj/Erth      0%         10d2      100%        8
 Maxwell's Capacitive Co  Air            0%         ∞         100%        8
 Polar Vortex             Ice            0%         N/A       100%        9
 Beastly Appendage        Tmut           Unusable   N/A       N/A         1
 Foxfire                  Conj/Fire      Unusable   2x1d4     N/A         1
 Sting                    Tmut/Pois      Unusable   1d3       N/A         1
 Passwall                 Tmut/Erth      Unusable   N/A       N/A         2
 Wereblood                Tmut           Unusable   N/A       N/A         2
 Conjure Flame            Conj/Fire      Unusable   6-21      N/A         3
 Inner Flame              Hex/Fire       Unusable   N/A       N/A         3
 Spider Form              Tmut/Pois      Unusable   N/A       N/A         3
 Animate Armour           Summ/Erth      Unusable   N/A       N/A         4
 Flame Wave               Conj/Fire      Unusable   2d4       N/A         4
 Petrify                  Tmut/Erth      Unusable   N/A       N/A         4
 Alistair's Intoxication  Tmut/Pois      Unusable   N/A       N/A         5
 Blade Hands              Tmut           Unusable   N/A       N/A         5
 Fireball                 Conj/Fire      Unusable   3d3       N/A         5
 Yara's Violent Unravell  Hex/Tmut       Unusable   3d3       N/A         5
 Eringya's Noxious Bog    Tmut/Pois      Unusable   N/A       N/A         6
 Statue Form              Tmut/Erth      Unusable   N/A       N/A         6
 Dragon Form              Tmut           Unusable   N/A       N/A         7
 Dragon's Call            Summ           Unusable   N/A       N/A         9

Dungeon Overview and Level Annotations

Branches:
Dungeon (15/15)            Temple (1/1) D:5            Lair (6/6) D:11
  Swamp (1/4) Lair:3       Spider (2/4) Lair:4        Slime (0/5) Lair:5
    Orc (2/2) D:11            Elf (0/3) Orc:2        Vaults (0/5) D:14
 Depths (0/4) D:15          IceCv (visited)

Altars:
Ashenzari
Cheibriados
Dithmenos
Elyvilon
Fedhas
Gozag
Hepliaklqana
Kikubaaqudgha
Makhleb
Nemelex Xobeh
Okawaru
Qazlal
Ru
Sif Muna
Trog
Uskayaw
Vehumet
Wu Jian
Xom
Yredelemnul
Zin
The Shining One
Beogh
Jiyva

Shops:
D:6 [   D:9 !   Orc:2 *::

Portals:
Trove: D:14 (give +5 fire dragon scales)


Innate Abilities, Weirdness & Mutations

You are too large for most types of armour.
You have claws for hands.
Your natural rate of healing is unusually fast.
You are covered in fur. (AC +1)
You have tough skin. (AC +1)
You sometimes lose the ability to drink potions when taking damage.
You cannot be stealthy.
You cannot study or use magical devices.
You cannot train Dodging skill.
You cannot study or cast Fire magic.
You cannot study or cast Summoning magic.
You cannot study or cast Transmutations magic.
You are mostly covered in iridescent scales. (AC +4)


Message History

Unknown command.
Unknown command.
Okay, then.
Unknown command.
Unknown command.
Attack: -) Claws
Press: ? - help, Dir - move target, f - broodmother
Aim: a broodmother (severely wounded, slow, about 13% to evade your claws)
Okay, then.
Unknown command.
Unknown command.
Throw: 11 large rocks
Press: ? - help, Q - select action, (/) - cycle Shift-Dir - straight line, f - broodmother
Aim: a broodmother (severely wounded, slow, 86% to hit)
You throw a large rock. The large rock hits the broodmother!
The broodmother is almost dead.
* * * LOW HITPOINT WARNING * * *
You feel extremely sick.
The redback bites you but does no damage.
The redback closely misses you. The broodmother barely misses you.
The redback bites you.
* * * LOW HITPOINT WARNING * * *
You focus your inner power and illuminate the redback in retribution!
The redback bites you!
* * * LOW HITPOINT WARNING * * *
You are more poisoned.
The redback poisons you!
The redback bites you but does no damage.
Unknown command.
You cannot drink potions in your current state!
Attack: -) Claws
Press: ? - help, Dir - move target, f/p - broodmother
Aim: a broodmother (almost dead, slow, about 13% to evade your claws)
Okay, then.
Unknown command.
Okay, then.
As you read the scroll of fear, it crumbles to dust.
You assume a fearsome visage.
The broodmother looks frightened!
The redback looks frightened! x3
You die...

##.## #.# #†† ##.# #.# ##. #.##
#.# #. ##.# #.## #. ##.###
#..############ ##. ##....#
#............^#######.. ##.....#
##...............^......
.......###......s...#######.....#
.......#.......†@s...# ####..#
......^..#.....s.s...# #..#
.......###...........# ####..#
......###...........## ##.....#
.....####...........# ##......#
....## #............# #.......#
..### ##.........### ##^)...##
### #........## #######
##..>...##


You could see a broodmother (fleeing, slow) and 3 redbacks.

Vanquished Creatures
  Gastronok (Orc:1)
  A frost giant (IceCv)
  An emperor scorpion (Spider:1)
  The ghost of fragbeetle the Thaumaturge, a journeyman GnCj of Ashenzari (D:12)
  Louise (Lair:4)
  A broodmother (Spider:1)
  Nessos (Orc:2)
  A bunyip (Swamp:1)
  A white draconian (IceCv)
  A dire elephant (Lair:6)
  Josephine (D:15)
  4 ice dragons (IceCv)
  3 rakshasas (D:15)
  9 hydras
  10 ironbound frosthearts (IceCv)
  5 vault guards (D:14)
  An ogre mage (D:14)
  4 boulder beetles
  A radroach (Spider:1)
  A centaur warrior (D:13)
  7 two-headed ogres
  13 death yaks
  Sonja (D:12)
  3 skeletal warriors (D:13)
  2 pharaoh ants (Spider:1)
  3 goliath frogs (Swamp:1)
  3 orb spiders
  An orange crystal statue (IceCv)
  A deep elf archer (D:14)
  A glowing orange brain (D:15)
  A spriggan druid (Swamp:1)
  A swamp dragon (Swamp:1)
  2 deep elf pyromancers (D:12)
  2 manticores
  6 wolf spiders
  3 lindwurms (Lair:6)
  9 orc knights
  Pikel (D:4)
  2 oklob plants (Lair:5)
  An orc sorcerer (D:14)
  4 cyclopes
  15 elephants
  10 ugly things
  Joseph (Lair:1)
  2 ice statues (D:14)
  6 black mambas
  5 torpor snails
  14 cane toads
  3 gargoyles
  10 rime drakes
  2 kobold demonologists (D:11)
  8 komodo dragons
  3 demonic crawlers (Spider:1)
  An efreet (D:13)
  A queen bee (Lair:3)
  A merfolk (shapeshifter) (D:15)
  A troll (shapeshifter) (D:13)
  4 meliai
  7 trolls
  2 tyrant leeches
  13 polar bears
  7 tarantellas
  5 hornets
  24 blink frogs
  2 dream sheep (Lair:6)
  8 slime creatures
  A centaur simulacrum (D:15)
  9 jumping spiders
  51 yaks
  6 culicivoras
  2 spriggans (Swamp:1)
  6 wraiths
  2 vampires
  7 basilisks
  A human (D:14)
  3 wyverns
  4 neqoxecs (D:12)
  4 vampire mosquitoes
  19 redbacks
  2 steam dragons
  Menkaure (D:4)
  12 water moccasins
  A swamp worm (Swamp:1)
  7 wargs
  An acid dragon (D:9)
  A floating eye (Lair:5)
  41 orc warriors
  2 ice beasts
  6 black bears
  A sky beast (D:6)
  25 wolves
  4 boggarts (D:15)
  12 ogres
  7 centaurs
  A lemure (D:4)
  3 kobold brigands
  13 bullfrogs
  3 scorpions
  9 wights
  15 killer bees
  5 howler monkeys
  An electric eel (D:12)
  8 crimson imps (D:7)
  4 quasits (D:12)
  3 hounds
  2 jellies
  6 orc priests
  A gnoll shaman (D:6)
  4 iguanas
  19 orc wizards
  9 gnolls
  8 adders
  A shadow imp (D:5)
  2 white imps (D:7)
  3 worms
  A dart slug (D:3)
  74 orcs
  13 endoplasms
  3 giant cockroaches
  4 goblins
  12 hobgoblins
  3 jackals (D:3)
  4 quokkas
  8 ball pythons
  7 bats
  A frilled lizard (D:2)
  27 kobolds
  5 rats
791 creatures vanquished.

Vanquished Creatures (others)
  2 elephants
  A cane toad (Lair:2)
  A vampire mosquito (D:13)
  An orc (Orc:2)
  49 fungi
  79 plants
133 creatures vanquished.

Grand Total: 924 creatures vanquished

Notes
Turn   | Place    | Note
-------+----------+-------------------------------------------
     0 | D:1      | ReploidZero the Troll Gladiator began the quest for the
                  | Orb.
     0 | D:1      | Reached XP level 1. HP: 19/19 MP: 0/0
   123 | D:1      | Reached XP level 2. HP: 26/28 MP: 1/1
  1004 | D:2      | Reached XP level 3. HP: 35/35 MP: 2/2
  1014 | D:2      | Noticed an ogre
  1021 | D:2      | Killed an ogre
  1022 | D:2      | Reached XP level 4. HP: 30/44 MP: 3/3
  1156 | D:2      | Found a faded altar of an unknown god.
  1164 | D:2      | Got Plato's Compendium of Poisoning
  1566 | D:2      | Reached XP level 5. HP: 50/50 MP: 4/4
  2091 | D:3      | Reached skill level 4 in Unarmed Combat
  2526 | D:4      | Noticed a hornet
  2540 | D:4      | Killed a hornet
  2541 | D:4      | Reached XP level 6. HP: 61/61 MP: 5/5
  2662 | D:4      | Reached XP level 7. HP: 36/67 MP: 6/6
  2725 | D:4      | Noticed Pikel
  2736 | D:4      | Killed Pikel
  2737 | D:4      | Reached skill level 5 in Unarmed Combat
  2784 | D:4      | Noticed Menkaure
  2787 | D:4      | Killed Menkaure
  2788 | D:4      | Reached XP level 8. HP: 75/78 MP: 7/7
  3199 | D:5      | Entered Level 5 of the Dungeon
  3513 | D:5      | Reached skill level 5 in Throwing
  3513 | D:5      | Reached skill level 5 in Dodging
  3513 | D:5      | Reached skill level 6 in Unarmed Combat
  3523 | D:5      | Found a staircase to the Ecumenical Temple.
  3597 | Temple   | Entered the Ecumenical Temple
  4048 | Temple   | Became a worshipper of Ru the Awakened
  4597 | D:6      | Reached skill level 5 in Fighting
  4706 | D:6      | Reached XP level 9. HP: 79/88 MP: 8/8
  4862 | D:6      | Found Ixase's Armour Shoppe.
  4959 | D:6      | Found a stormy altar of Qazlal.
  4985 | D:6      | Identified the +1 ring mail of Insecurity {rC+}
  5000 | D:6      | Reached skill level 7 in Unarmed Combat
  5313 | D:7      | Gained mutation: You sometimes lose the ability to drink
                  | potions when taking damage. [Ru sacrifice]
  5313 | D:7      | Reached * piety under Ru
  5370 | D:7      | Paralysed by a hornet for 2 turns
  5614 | D:7      | Found a bloodstained altar of Trog.
  6246 | D:8      | Reached XP level 10. HP: 98/98 MP: 9/9
  6289 | D:8      | Reached skill level 8 in Unarmed Combat
  6989 | D:9      | Gained mutation: You cannot train Dodging skill. [Ru
                  | sacrifice]
  6989 | D:9      | Reached ** piety under Ru
  6989 | D:9      | Reached *** piety under Ru
  7047 | D:9      | Found Hiupien's Distillery.
  7062 | D:9      | Bought a potion of attraction for 42 gold pieces
  7062 | D:9      | Bought a potion of lignification for 42 gold pieces
  7062 | D:9      | Bought a potion of heal wounds for 70 gold pieces
  7062 | D:9      | Bought a potion of brilliance for 56 gold pieces
  7066 | D:9      | Gained mutation: You are partially covered in iridescent
                  | scales. (AC +2) [potion of mutation]
  7066 | D:9      | Gained mutation: You are mostly covered in iridescent
                  | scales. (AC +4) [potion of mutation]
  7327 | D:10     | Entered Level 10 of the Dungeon
  7388 | D:10     | Reached skill level 1 in Armour
  7658 | D:10     | Reached skill level 9 in Unarmed Combat
  7804 | D:10     | Reached XP level 11. HP: 64/109 MP: 10/10
  8120 | D:11     | Found a staircase to the Orcish Mines.
  8156 | D:11     | Noticed a two-headed ogre
  8163 | D:11     | Killed a two-headed ogre
  8207 | D:11     | Found a staircase to the Lair.
  8211 | D:11     | Noticed a boulder beetle
  8341 | D:11     | Noticed a sixfirhy
  8368 | D:11     | Noticed a sixfirhy
  8425 | D:11     | Noticed a seven-headed hydra
  8437 | D:11     | Killed an 11-headed hydra
  8443 | D:11     | Identified the +5 dagger "Fivahud" {venom, Str+6 Stlth+}
  8484 | D:11     | Found a white marble altar of Elyvilon.
  8609 | D:11     | Killed a boulder beetle
  8610 | D:11     | Reached skill level 10 in Unarmed Combat
  8734 | D:11     | Noticed an orc knight
  8879 | D:11     | Identified the +0 robe "Loebla" {rN+ Int+4}
  9098 | D:11     | Killed an orc knight
  9126 | Lair:1   | Entered Level 1 of the Lair of Beasts
  9177 | Lair:1   | Gained mutation: You cannot be stealthy. [Ru sacrifice]
  9209 | Lair:1   | Noticed Joseph
  9225 | Lair:1   | Killed Joseph
  9245 | Lair:1   | Identified the +8 rapier of Bodily Harmony {vorpal, Will-
                  | rCorr Stlth+}
  9413 | Lair:1   | Reached XP level 12. HP: 112/122 MP: 11/11
  9452 | Lair:1   | Reached skill level 5 in Armour
 10459 | Lair:2   | Identified the ring of Satisfaction {MP+9 Int+3 Stlth+}
 10601 | Lair:2   | Reached skill level 11 in Unarmed Combat
 10789 | Lair:2   | Reached skill level 10 in Throwing
 11141 | Lair:3   | Gained mutation: You cannot study or use magical devices.
                  | [Ru sacrifice]
 11141 | Lair:3   | Reached **** piety under Ru
 11141 | Lair:3   | Reached ***** piety under Ru
 11296 | Lair:3   | Noticed a death yak
 11302 | Lair:3   | Noticed a five-headed hydra
 11306 | Lair:3   | Killed a death yak
 11345 | Lair:3   | Reached XP level 13. HP: 114/120 MP: 0/12
 11978 | Lair:3   | Found a staircase to the Swamp.
 12381 | Lair:4   | Reached skill level 12 in Unarmed Combat
 12434 | Lair:4   | Found a hole to the Spider Nest.
 12474 | Lair:4   | Gained mutation: You cannot study or cast Fire magic. [Ru
                  | sacrifice]
 12474 | Lair:4   | Gained mutation: You cannot study or cast Transmutations
                  | magic. [Ru sacrifice]
 12474 | Lair:4   | Gained mutation: You cannot study or cast Summoning magic.
                  | [Ru sacrifice]
 12474 | Lair:4   | Reached ****** piety under Ru
 12486 | Lair:4   | Learned a level 2 spell: Blink
 12492 | Lair:4   | Reached skill level 10 in Fighting
 13278 | Lair:5   | Found a staircase to the Slime Pits.
 13643 | Lair:5   | Found a viscous altar of Jiyva.
 13898 | Lair:6   | Entered Level 6 of the Lair of Beasts
 13986 | Lair:6   | Reached XP level 14. HP: 112/130 MP: 4/13
 14080 | Lair:6   | Reached skill level 13 in Unarmed Combat
 15471 | D:12     | Found a transporter.
 15475 | D:12     | Noticed fragbeetle's ghost (journeyman GnCj)
 15491 | D:12     | Found a transporter.
 15683 | D:12     | Noticed Sonja
 15700 | D:12     | Killed Sonja
 16452 | Orc:1    | Entered Level 1 of the Orcish Mines
 16814 | Orc:2    | Entered Level 2 of the Orcish Mines
 16886 | Orc:2    | Noticed Nessos
 16897 | Orc:2    | Killed Nessos
 16907 | Orc:2    | Found a staircase to the Elven Halls.
 17131 | Orc:1    | Noticed Gastronok
 17137 | Orc:1    | Killed Gastronok
 17357 | Orc:2    | Reached skill level 14 in Unarmed Combat
 17375 | Orc:2    | Reached XP level 15. HP: 146/146 MP: 14/14
 17551 | Orc:2    | Found Fizuph's Book Shop.
 17551 | Orc:2    | Found Ysogisch's Book Shoppe.
 17742 | Orc:2    | Found Unuyqusk's Armour Shoppe.
 17742 | Orc:2    | Found Gauxub's General Store.
 17755 | Orc:2    | Bought a scroll of blinking for 97 gold pieces
 18683 | D:14     | Found a broken altar of Ashenzari.
 18750 | D:14     | Found a frozen archway.
 18869 | IceCv    | Entered an ice cave
 18879 | IceCv    | Reached skill level 10 in Armour
 19535 | IceCv    | Noticed a frost giant
 19551 | IceCv    | Killed a frost giant
 20008 | D:14     | Found a portal to a secret trove of treasure.
 20215 | D:14     | Found a gate to the Vaults.
 20408 | D:14     | Reached skill level 15 in Unarmed Combat
 20443 | D:14     | You fall into a shaft and drop 1 floor!
 20443 | D:15     | Entered Level 15 of the Dungeon
 20896 | D:15     | Noticed Josephine
 20898 | D:15     | Killed Josephine
 20899 | D:15     | Reached XP level 16. HP: 167/167 MP: 15/15
 21284 | D:15     | Found a staircase to the Depths.
 21769 | D:12     | Killed fragbeetle's ghost
 21771 | D:12     | Got the ring of Zoat {rPois rC+ Str+4 Int+6 Stlth+}
 22106 | Swamp:1  | Entered Level 1 of the Swamp
 22532 | Spider:1 | Entered Level 1 of the Spider Nest
 22532 | Spider:1 | Noticed Louise
 22540 | Lair:4   | Killed Louise
 23933 | Spider:1 | Succumbed to a redback's poison

Illustrated notes

Levels and vault maps discovered:
D:1:      scummos_arrival_hexagon, layout_basic, minmay_misc_feat_ornament,
          chequers_decorated_corner, bh_walls_and_bars
D:2:      wad_crossroads, layout_basic, shapermc_ecumenical_altar_rom_forum,
          roderic_lattice_a
D:3:      layout_basic
D:4:      layout_loops_ring, hangedman_decor_clover_reticule, uniq_pikel,
          uniq_menkaure
D:5:      layout_basic, minmay_temple_entry_junction
D:6:      layout_loops_ring, mainiacjoe_overflow_paths, serial_shops,
          nicolae_inconvenience_store
D:7:      layout_basic, kennysheep_little_box, chequers_serial_rivers_micro_b,
          kennysheep_flooded_box, minmay_nine_imps
D:8:      layout_rooms
D:9:      layout_basic, serial_shops, nicolae_shop_crystal,
          roderic_roman_lattice
D:10:     layout_roguey
D:11:     layout_roguey [special_room_orc], minmay_lair_entry_grove,
          orc_0_dummy, elyvilon_altar_3
D:12:     lemuel_ice_spiral_2, layout_irregular_city,
          gammafunk_ghost_stat_death, fungi_pond_lemuel, uniq_sonja
D:13:     layout_rooms, minmay_quadrilaterals
D:14:     layout_basic, grunt_vaults_entry_fortified,
          ashenzari_conservatory_becter, enter_trove_0,
          portal_ice_cave_entry_ice_statue_two
D:15:     gammafunk_enter_depths_forms, layout_basic, grunt_decor_clamped,
          uniq_josephine
Temple:   mainiacjoe_temple_big_plus
Lair:1:   hellmonk_warped_wall, layout_cellular_growth, serial_bayou_shore_b,
          uniq_joseph
Lair:2:   layout_cave_pods
Lair:3:   layout_gridlike, palyth_hydra_swamp_entry, special_room
          [special_room_bee]
Lair:4:   layout_regular_city, hellmonk_spider_entry_not_the_bees,
          beast_lair_carwin_2
Lair:5:   layout_loops_ring, slime_altar_1, disabler_island,
          serial_bayou_shore_a
Lair:6:   hangedman_lair_in_review, layout_cave_pods, gauntlet_entry_generic
Swamp:1:  layout_basic_swamp, evilmike_swamp_ruin_house_3
Spider:1: layout_cave_pods, uniq_louise
Spider:2: layout_spider_delve, gammafunk_ghost_arena
Orc:1:    layout_diamond_mine, basic_altar, uniq_gastronok
Orc:2:    st_orc_town, layout_diamond_mine, mines1_david, uniq_nessos

Skill      XL: |  1  2  3  4  5  6  7  8  9 10 11 12 13 14 15 16 |
---------------+-------------------------------------------------+-----
Throwing       | 2 3 4 5 6 8 9 10 11 12 13 14 | 14.3
Fighting       | 2 3 4 5 6 7 8 9 10 11 12 13 | 13.2
Dodging        | 3 4 5 6 0 |  0.0
Unarmed Combat | 4 5 6 7 9 10 11 12 14 15 | 15.7
Armour         | 2 4 6 8 9 10 11 | 11.4

Action                   |  1- 3 |  4- 6 |  7- 9 | 10-12 | 13-15 | 16-18 || total
-------------------------+-------+-------+-------+-------+-------+-------++-------
Melee: Unarmed           |    65 |   137 |   271 |   630 |   810 |   231 ||  2144
       Punch             |       |     1 |    13 |    49 |    82 |    20 ||   165
Throw: Javelin           |       |     1 |     8 |     3 |    30 |     3 ||    45
       Throwing net      |       |       |     1 |     1 |     3 |       ||     5
       Dart              |       |       |       |     1 |     6 |     2 ||     9
       Boomerang         |       |       |       |       |    26 |     2 ||    28
       Large rock        |       |       |       |       |    32 |     6 ||    38
Invok: Sacrifice Drink   |       |       |     1 |       |       |       ||     1
       Sacrifice Nimblen |       |       |       |     1 |       |       ||     1
       Sacrifice Stealth |       |       |       |     1 |       |       ||     1
       Apocalypse        |       |       |       |     3 |    13 |     6 ||    22
       Sacrifice Artific |       |       |       |     1 |       |       ||     1
       Power Leap        |       |       |       |       |     2 |       ||     2
       Sacrifice Arcana  |       |       |       |       |     1 |       ||     1
       Draw Out Power    |       |       |       |       |       |     1 ||     1
Evoke: Wand              |       |       |       |     4 |       |       ||     4
  Use: Scroll            |       |    11 |     2 |    11 |     3 |     5 ||    32
       Potion            |       |     3 |       |     2 |     4 |     6 ||    15
 Stab: Sleeping          |     1 |     5 |     6 |     1 |       |       ||    13
       Distracted        |       |     1 |       |     3 |     3 |     1 ||     8
       Invisible         |       |       |       |     7 |    14 |     1 ||    22
       Paralysed         |       |       |       |    13 |    41 |     9 ||    63
       Held in net/web   |       |       |       |     3 |     1 |       ||     4
Armor: Robe              |    21 |    32 |    67 |    32 |       |       ||   152
       Skin              |       |     7 |       |       |       |       ||     7
       Troll leather arm |       |       |       |   285 |   311 |   127 ||   723
Dodge: Dodged            |    24 |    81 |   171 |   345 |   276 |    90 ||   987

Table legend: (Time is in decaauts)
 A = Elapsed time spent in this place.
 B = Non-inter-level travel time spent in this place.
 C = Inter-level travel time spent in this place.
 D = Time resting spent in this place.
 E = Time spent auto-exploring this place.
 F = Levels seen in this place.
 G = Mean time per level.
                   A        B        C        D        E       F      G
               +--------+--------+--------+--------+--------+-----+--------+
         Total |  23617 |  21938 |   1679 |     26 |  16683 |  28 |  843.5 |
       Dungeon |  12570 |  11702 |    868 |     16 |   8949 |  15 |  838.0 |
        Temple |    481 |    452 |     29 |      0 |    385 |   1 |  481.0 |
          Lair |   6571 |   6065 |    506 |     10 |   4964 |   6 | 1095.2 |
         Swamp |    142 |    142 |      0 |      0 |     51 |   1 |  142.0 |
   Spider Nest |   1315 |   1226 |     89 |      0 |    929 |   2 |  657.5 |
  Orcish Mines |   1596 |   1409 |    187 |      0 |    888 |   2 |  798.0 |
      Ice Cave |    940 |    940 |      0 |      0 |    517 |   1 |  940.0 |
               +--------+--------+--------+--------+--------+-----+--------+

Top non-repeatable levels by time:
  Lair:1: 1294 daAuts
Spider:1: 1292 daAuts
  Lair:3: 1284 daAuts
  Lair:6: 1282 daAuts
    D:11: 1188 daAuts
    D:15: 1154 daAuts
   Orc:2: 997 daAuts
  Lair:4: 986 daAuts
     D:2: 980 daAuts
    D:12: 954 daAuts
     D:7: 946 daAuts
   IceCv: 940 daAuts
    D:14: 939 daAuts
  Lair:2: 904 daAuts
    D:10: 880 daAuts
